 Dungeon Crawl Stone Soup version 0.30.1 (webtiles) character file.

Game seed: 16878376777621809180

89 hawla the Firebug (level 5, 0/58 HPs)
             Began as a Meteoran Fire Elementalist on July 10, 2023.
             Killed from afar by Robin (15 damage)
             ... with a puff of flame
             ... on level 2 of the Dungeon.
             The game lasted 00:04:55 (432 turns).

hawla the Firebug (Meteoran Fire Elementalist)       Turns: 432, Time: 00:04:56

Health: 0/58       AC: 22    Str:  9    XL:     5   Next: 10%
Magic:  1/11       EV:  2    Int: 18    God:
Gold:   43         SH:  0    Dex: 15    Spells: 3/10 levels left

rFire   . . .        d - +0 mace
rCold   . . .        (no shield)
rNeg    . . .        a - melded +0 robe
rPois   +            (helmet currently unavailable)
rElec   .            (cloak currently unavailable)
rCorr   .            (gloves currently unavailable)
SInv    .            (boots currently unavailable)
Will    .....        (no amulet)
Stlth   +            (no ring)
HPRegen 0.29/turn    (no ring)
MPRegen 0.12/turn

%: no passive effects
@: tree-form (expiring), glowing
A: stationary, stasis, torment immunity, boosted hp, sense surroundings 1,
otherworldly, glowing, explore regen
a: no special abilities


You were on level 2 of the Dungeon.
You were a tree.
You visited 1 branch of the dungeon, and saw 2 of its levels.

You collected 43 gold pieces.

Inventory:

Hand Weapons
 d - a +0 mace (weapon)
Armour
 a - a +0 robe (melded)
Scrolls
 c - a scroll of amnesia {unknown}
 e - 2 scrolls of teleportation {unknown}


   Skills:
 - Level 0.4 Fighting
 - Level 0.1 Maces & Flails
 - Level 3.2 Dodging
 - Level 1.4 Stealth
 - Level 3.4 Spellcasting
 + Level 3.4 Conjurations
 - Level 4.1 Fire Magic


You had 3 spell levels left.
You knew the following spells:

 Your Spells              Type           Power      Damage    Failure   Level
a - Foxfire               Conj/Fire      64%        2x1d7     3%          1
b - Scorch                Fire           36%        2d7       4%          2
c - Flame Wave            Conj/Fire      16%        2d7       32%         4

Your spell library contained the following spells:

 Spells                   Type           Power      Damage    Failure   Level
 Inner Flame              Hex/Fire       10%        N/A       21%         3
 Volatile Blastmotes      Fire/Tloc      20%        2d11      21%         3
 Blink                    Tloc           6%         N/A       24%         2
 Manifold Assault         Tloc           3%         N/A       83%         4
 Storm Form               Tmut/Air       1%         N/A       100%        7


Dungeon Overview and Level Annotations

Branches:
Dungeon (2/15) Zot: 758

Altars:
Ru

Annotations:
D:2 Robin


Innate Abilities, Weirdness & Mutations

You are a tree.
Your roots penetrate the ground, keeping you stationary.
You cannot be teleported.
You are immune to unholy pain and torment.
Your maximum health is greatly increased.
Your equipment is partially melded.
You passively map a small area around you.
You are easily found by Zot.
You glow in the dark.
You regain HP and MP as you explore.


Message History

The jackal bites you but does no damage.
You cannot move.
Casting: Foxfire (safe; 3% risk of failure)
Confirm with . or Enter, or press ? or * to list all spells.
You miscast Foxfire.
You are very lightly contaminated with residual magic.
Nothing appears to happen.
The quokka bites you.
* * * LOW HITPOINT WARNING * * *
The jackal bites you but does no damage.
You hit the jackal.
You kill the jackal!
The quokka bites you but does no damage. x2
You hit the quokka.
You kill the quokka!
You start resting.
Your magical contamination has completely faded away.
You start resting.
A rat is nearby!
Casting: Foxfire (safe; 3% risk of failure)
Confirm with . or Enter, or press ? or * to list all spells.
You conjure some foxfire!
The foxfire hits the rat.
The rat is heavily wounded.
The foxfire hits the rat.
You kill the rat!
You start resting.
Robin is nearby!
Casting: Foxfire (safe; 3% risk of failure)
Confirm with . or Enter, or press ? or * to list all spells.
You conjure some foxfire!
Robin roars a battlecry!
Unknown command.
The foxfire hits Robin.
Robin is lightly wounded.
Your foxfire dissipates!
You aren't carrying any potions.
Your transformation is almost over.
The goblin shouts!
Robin zaps a wand.
The puff of flame hits you!
You die...

* .......# #>....... *
#......# #......†.
#......# #....)...
#......# #).......
##......## ##.......
##........## #........ ,
#..........# ##........
#..........# #.........
#....†.♣...# ##.........
#.....†(...# #..........
*
#..........###.##.......
##....g...##...###......
#......))..##.#.........#
,
......).....#.#.........#
*
##....[....)#.#...[.....#
, ..# ,
*#....g.....#.#..........
...#
#.........†#.#........#.


You could see Robin and a goblin (strong).

Vanquished Creatures
  3 adders (D:2)
  A worm (D:2)
  A dart slug (D:1)
  6 bats
  5 endoplasms
  2 giant cockroaches (D:2)
  13 goblins
  6 hobgoblins
  6 jackals (D:2)
  2 quokkas
  4 ball pythons (D:1)
  2 frilled lizards
  2 rats
53 creatures vanquished.

Vanquished Creatures (others)
  58 foxfires
58 creatures vanquished.

Grand Total: 111 creatures vanquished

Notes
Turn   | Place    | Note
-------+----------+-------------------------------------------
     0 | D:1      | hawla the Meteoran Fire Elementalist began the quest for
                  | the Orb.
     0 | D:1      | Reached XP level 1. HP: 14/14 MP: 5/5
    29 | D:2      | Found a sacrificial altar of Ru.
    35 | D:2      | Noticed Robin
    39 | D:1      | Reached XP level 2. HP: 15/20 MP: 1/7
   111 | D:1      | Learned a level 2 spell: Scorch
   159 | D:1      | Reached XP level 3. HP: 25/26 MP: 2/8
   164 | D:1      | Reached skill level 4 in Fire Magic
   290 | D:2      | Reached XP level 4. HP: 34/34 MP: 1/10
   295 | D:2      | Learned a level 4 spell: Flame Wave
   394 | D:2      | Reached XP level 5. HP: 17/39 MP: 1/11
   432 | D:2      | Killed from afar by Robin

Illustrated notes

Levels and vault maps discovered:
D:1:      mainiacjoe_arrival_reflecting_pool, layout_rooms
D:2:      layout_rooms, basic_altar, minmay_pentomino_p2, uniq_robin

Skill      XL: |  1  2  3  4 |
---------------+-------------+-----
Spellcasting   | 3 |  3.4
Fire Magic     | 4 |  4.1
Dodging        | 3 |  3.2
Conjurations   | 3 |  3.4
Fighting       | |  0.4
Maces & Flails | |  0.1
Stealth        | |  1.4

Action                     |  1- 3 |  4- 6 || total
---------------------------+-------+-------++-------
  Melee: Unarmed           |     3 |       ||     3
         Mace              |    10 |    13 ||    23
   Cast: Foxfire           |    24 |    10 ||    34
         Scorch            |     7 |     1 ||     8
         Flame Wave        |       |     3 ||     3
    Use: Potion            |       |     3 ||     3
 Armour: Robe              |     9 |     5 ||    14
         Skin              |       |    27 ||    27
  Dodge: Dodged            |    21 |    18 ||    39
